 Dungeon Crawl Stone Soup version 0.24-a0-584-g9d6b971ae4 (webtiles) character file.

Game seed: 9012152132366774058, levelgen mode: deterministic

242 BinkBink the Slasher (level 5, -17/50 HPs)
             Began as a Deep Dwarf Berserker on Sept 5, 2019.
             Was a Believer of Trog.
             Blown up by Ijyb (23 damage)
             ... with a disintegration bolt
             ... on level 3 of the Dungeon.
             The game lasted 00:03:52 (1928 turns).

BinkBink the Slasher (Deep Dwarf Berserker)         Turns: 1928, Time: 00:03:52

Health: -17/50     AC: 11    Str: 21    XL:     5   Next: 81%
Magic:  4/4        EV:  8    Int:  8    God:    Trog [**....]
Gold:   137        SH:  0    Dex: 12    Spells: 4/4 levels left

rFire    . . .     SeeInvis .   a - +0 falchion
rCold    . . .     Gourm    .   (no shield)
rNeg     . . .     Faith    .   f - +0 chain mail
rPois    .         Spirit   .   m - +1 helmet
rElec    .         Reflect  .   (no cloak)
rCorr    .         Harm     .   (no gloves)
MR       .....                  (no boots)
Stlth    ..........             (no amulet)
HPRegen  0.00/turn              (no ring)
MPRegen  0.09/turn              (no ring)

@: non-regenerating
A: damage resistance, heal wounds, sense surroundings 1, no regeneration
a: Heal Wounds, Berserk, Trog's Hand, Renounce Religion


You were on level 3 of the Dungeon.
You worshipped Trog.
Trog was pleased with you.
You were not hungry.

You visited 1 branch of the dungeon, and saw 3 of its levels.

You collected 137 gold pieces.

Inventory:

Hand Weapons
 a - a +0 falchion (weapon)
Armour
 b - a +0 animal skin
 e - a +0 scale mail
 f - a +0 chain mail (worn)
 m - a +1 helmet (worn)
Jewellery
 j - an uncursed amulet of regeneration {unknown}
Scrolls
 g - a scroll of amnesia {unknown}
 h - 3 scrolls of identify {unknown}
 i - 3 scrolls of enchant armour {unknown}
 k - 4 scrolls of teleportation {unknown}
 l - a scroll of blinking {unknown}
 n - a scroll of immolation {unknown}
Potions
 d - a potion of agility {unknown}
Comestibles
 c - 3 rations


   Skills:
 + Level 3.8 Fighting
 + Level 4.8 Long Blades
 + Level 3.7 Armour
 + Level 2.5 Dodging
 + Level 0.8 Stealth


You had 4 spell levels left.
You didn't know any spells.
Your spell library contained the following spells:

 Spells                   Type           Power        Failure   Level  Hunger
 Animate Skeleton         Necr           N/A          99%         1    ##.....
 Apportation              Tloc           #.....       99%         1    ##.....
 Confusing Touch          Hex            #.....       99%         1    ##.....
 Summon Small Mammal      Summ           #...         99%         1    ##.....


Dungeon Overview and Level Annotations

Branches:
Dungeon (3/15)

Altars:

Annotations:
D:3 Ijyb


Innate Abilities, Weirdness & Mutations

You are resistant to damage.
You can heal yourself by infusing magical energy.
You passively map a small area around you.
You do not regenerate.


Message History

Ijyb is lightly wounded.
Ijyb hits you but does no damage.
You hit Ijyb but do no damage.
Ijyb is lightly wounded.
Ijyb hits you but does no damage.
You closely miss Ijyb.
Ijyb is lightly wounded.
Ijyb barely misses you.
You riposte.
You hit Ijyb.
Ijyb is lightly wounded.
You barely miss Ijyb.
Ijyb is lightly wounded.
Ijyb zaps a wand.
You are blasted!
You hit Ijyb but do no damage.
Ijyb is lightly wounded.
Ijyb zaps a wand.
You are blasted!
* * * LOW HITPOINT WARNING * * *
You hit Ijyb.
Ijyb is lightly wounded.
Ijyb zaps a wand.
You are blasted!
You die...

** #.#.......#,
#.#8.....8#
#####.........# *
.....#..g.....# *
.......g.g##..#.##
.......g..#**....#
......†...# ....# *
*
.....##.######....
, * , .....
#ggg@.....# ** ,
.... *#.######..#
### #.######..#
#...)....>#
#..#####.## #..#
#.# * **
#..#####.### ,
...........#####
,,.....##.#.......#


You could see Ijyb and 2 goblins.

Vanquished Creatures
  An orc priest (D:3)
  Terence (D:2)
  Robin (D:2)
  7 adders (D:2)
  5 oozes
  3 dart slugs
  2 leopard geckos
  3 orcs (D:3)
  4 giant cockroaches
  14 goblins
  13 hobgoblins
  4 jackals (D:1)
  8 bats
  6 frilled lizards
  6 kobolds
  8 rats
86 creatures vanquished.

Notes
Turn   | Place    | Note
-------+----------+-------------------------------------------
     0 | D:1      | BinkBink the Deep Dwarf Berserker began the quest for the
                  | Orb.
     0 | D:1      | Reached XP level 1. HP: 20/20 MP: 1/1
   106 | D:1      | Reached XP level 2. HP: 9/28 MP: 2/2
   279 | D:1      | Reached XP level 3. HP: 32/34 MP: 2/2
   359 | D:1      | Reached ** piety under Trog
   921 | D:2      | Reached XP level 4. HP: 32/42 MP: 3/3
   954 | D:2      | Reached skill level 4 in Long Blades
  1007 | D:2      | Noticed Terence
  1033 | D:2      | Killed Terence
  1181 | D:2      | Reached XP level 5. HP: 40/50 MP: 4/4
  1250 | D:2      | Noticed Robin
  1293 | D:2      | Killed Robin
  1901 | D:3      | Noticed Ijyb
  1928 | D:3      | Blown up by Ijyb

Levels and vault maps discovered:
D:1:      nzn_arrival_crosshair, layout_basic, serial_rivers,
          chequers_serial_rivers_micro_c, chequers_serial_rivers_small_3,
          chequers_serial_rivers_micro_c, chequers_serial_rivers_room_a
D:2:      layout_loops_corners, first_ration, hex_tiny, uniq_terence, uniq_robin
D:3:      kennysheep_the_goblin_king, layout_basic, lightli_temple_of_fire,
          chequers_serial_rivers_large_a, uniq_crazy_yiuf_cottage, uniq_jessica

Skill      XL: |  1  2  3  4 |
---------------+-------------+-----
Fighting       | 3 |  3.8
Long Blades    | 4 |  4.8
Armour         | 3 |  3.7
Dodging        | |  2.5
Stealth        | |  0.8

Action                   |  1- 3 |  4- 6 || total
-------------------------+-------+-------++-------
Melee: Falchion          |   128 |   223 ||   351
Invok: Trog's Hand       |       |     4 ||     4
 Abil: Heal Wounds       |     1 |       ||     1
  Eat: Chunk             |       |     2 ||     2
       Ration            |       |     1 ||     1
Armor: Scale mail        |     7 |       ||     7
       Animal skin       |     3 |       ||     3
       Chain mail        |    62 |   144 ||   206
Dodge: Dodged            |    58 |   102 ||   160
       Rpst.: Falchion   |    19 |    32 ||    51

Table legend:
 A = Non-vault XP
 B = Vault XP
 C = Vault XP percentage of total XP
 D = Non-vault monster count
 E = Vault monster count
 F = Vault count percentage of total count
                 A         B        C        D         E       F
            +---------+---------+-------+---------+---------+-------
      Total |     270 |      76 |  22.0 |      71 |      15 |  17.4
            +---------+---------+-------+---------+---------+-------
        D:1 |      68 |       0 |   0.0 |      31 |       0 |   0.0
        D:2 |     139 |      73 |  34.4 |      30 |      13 |  30.2
        D:3 |      63 |       3 |   4.5 |      10 |       2 |  16.7
            +---------+---------+-------+---------+---------+-------
